 Dungeon Crawl Stone Soup version 0.31-a0-1074-g0b22e4e0f1 (webtiles) character file.

Game seed: 9551790602561644894

333 LeprechaunX the Changeling (level 6, -12/41 HPs)
             Began as an Octopode Shapeshifter on Nov 27, 2023.
             Killed by divine providence
             ... invoked by an orc priest
              (15 damage)
             ... on level 3 of the Dungeon.
             The game lasted 00:03:46 (2489 turns).

LeprechaunX the Changeling (Octopode Shapeshifter)  Turns: 2489, Time: 00:03:47

Health: -12/41     AC:  5    Str: 14    XL:     6   Next: 53%
Magic:  7/7        EV: 13    Int: 24    God:
Gold:   103        SH:  5    Dex: 13    Spells: 6/6 levels left

rFire   . .          .
                       - Unarmed
rCold   . . .        (no shield)
rNeg    . . .        (helmet currently unavailable)
rPois   .            h - amulet of reflection
rElec   .            l - +4 ring of protection
rCorr   .            f - +6 ring of intelligence
SInv    .            p - +6 ring of intelligence
Will    .....        (no ring)
Stlth   ++           (no ring)
HPRegen 0.26/turn    (no ring)
MPRegen 0.10/turn    (no ring)
                     (no ring)

%: reflection
@: beast-form
A: beast (slay +2), almost no armour, amphibious, 8 rings, camouflage 1,
gelatinous body 1, (nimble swimmer 1), tentacles
a: Begin Untransformation


You were on level 3 of the Dungeon.
You were a hulking beast.
You visited 1 branch of the dungeon, and saw 3 of its levels.
You also visited: Sewer.

You collected 103 gold pieces.

Inventory:

Missiles
 d - a throwing net
 k - 6 boomerangs
Jewellery
 f - a +6 ring of intelligence (right tentacle)
 h - an amulet of reflection (around mantle)
 l - a +4 ring of protection (left tentacle)
 p - a +6 ring of intelligence (on tentacle)
Talismans
 b - a beast talisman
 c - a flux talisman
Wands
 q - a wand of flame (25)
 r - a wand of charming (7)
Scrolls
 i - 8 scrolls of identify {unknown}
 m - 3 scrolls of teleportation {unknown}
 o - a scroll of amnesia {unknown}
 t - 2 scrolls of butterflies {unknown}
 v - a scroll of brand weapon {unknown}
Potions
 a - a potion of lignification
 e - 2 potions of brilliance {unknown}
 g - 4 potions of heal wounds {unknown}
 j - 2 potions of degeneration {unknown}
 n - a potion of attraction {unknown}
 s - a potion of might {unknown}
 u - a potion of mutation {unknown}


   Skills:
 + Level 2.9 Fighting
 + Level 2.0 Throwing
 - Level 2.0 Dodging
 + Level 4.1 Unarmed Combat
 + Level 0.7 Spellcasting
 + Level 1.0 Evocations
 * Level 4.7 Shapeshifting


You had 6 spell levels left.
You didn't know any spells.
Your spell library contained the following spells:

 Spells                   Type           Power      Damage    Failure   Level
 Slow                     Hex            0%         N/A       14%         1
 Summon Small Mammal      Summ           0%         N/A       14%         1
 Call Canine Familiar     Summ           0%         N/A       38%         3
 Confusing Touch          Hex            0%         N/A       38%         3
 Sigil of Binding         Hex            0%         N/A       38%         3
 Summon Guardian Golem    Hex/Summ       0%         N/A       38%         3
 Vampiric Draining        Necr           0%         2d6       38%         3


Dungeon Overview and Level Annotations

Branches:
Dungeon (3/15)              Sewer (visited)

Altars:
Cheibriados
Sif Muna


Innate Abilities, Weirdness & Mutations

You are a hulking beast.
Your limbs bulge with bestial killing power. (Slay +2)
You cannot wear most types of armour.
You are amphibious.
You can wear up to eight rings at the same time.
Your skin changes colour to match your surroundings (Stealth+).
Your rubbery body absorbs attacks. (AC +1, EV +1)
((You are camouflaged when in or above water. (Stealth+)))
You have tentacles for arms and can constrict up to eight enemies at once.


Message History

i - 8 scrolls labelled MIKERUOGAV (gained 3)
Found a stone staircase leading down.
An orc and an orc priest come into view.
There are monsters nearby!
There are monsters nearby!
There are monsters nearby!
An orc priest comes into view. It is wielding a +0 war axe.
You closely miss the orc priest. You grab the orc priest.
You tentacle-slap the orc priest. You squeeze the orc priest!
The orc priest is severely wounded.
You constrict the orc priest. The orc priest hits you with a +0 club.
You tentacle-slap the orc priest but do no damage.
You tentacle-slap the orc priest, but do no damage.
The orc priest is severely wounded.
You constrict the orc priest.
The orc priest shouts!
The orc priest hits you with a +0 club.
The orc priest calls upon Beogh to heal the orc priest.
The orc priest is healed somewhat.
You tentacle-slap the orc priest but do no damage.
The orc priest is heavily wounded.
You constrict the orc priest.
You release your grip on the orc priest.
The orc priest mumbles some strange prayers to Beogh against you.
Beogh smites you!
The orc priest invokes the aid of Beogh against you.
Beogh smites you!
* * * LOW HITPOINT WARNING * * *
You are too injured to fight recklessly!
You are too injured to fight recklessly!
You are too injured to fight recklessly!
The orc priest mumbles some strange prayers to Beogh against you.
Beogh smites you!
* * * LOW HITPOINT WARNING * * *
The orc barely misses you. The orc attacks as it pursues you!
The orc barely misses you. The orc attacks as it pursues you!
The orc misses you.
The orc priest invokes the aid of Beogh against you.
Beogh smites you!
You die...

#.....#................+
#.....#..#######.....###
#..o..##o### #.....# #.....
#...#####.....# .......
###o..........#
.....o.#####..........#
.............o...######
..##........# #......h###
#.....#...### #...........#
#.##...........############
.....
#.##...........#...........
....
#.##................(......
...##.##.......................
..............................
#. #~≈~~~##.......#........†..


You could see 2 orc priests and an orc.

Vanquished Creatures
  A kobold brigand (Sewer)
  Terence (D:2)
  Natasha (thrice) (D:2)
  3 river rats (Sewer)
  5 adders
  A worm (D:3)
  2 dart slugs (D:1)
  5 endoplasms
  2 giant cockroaches
  4 goblins
  5 hobgoblins
  8 jackals
  A quokka (D:1)
  13 ball pythons
  9 bats
  5 frilled lizards
  13 kobolds
  4 rats
85 creatures vanquished.

Notes
Turn   | Place    | Note
-------+----------+-------------------------------------------
     0 | D:1      | LeprechaunX the Octopode Shapeshifter began the quest for
                  | the Orb.
     0 | D:1      | Reached XP level 1. HP: 13/13 MP: 1/1
   111 | D:1      | Reached XP level 2. HP: 4/18 MP: 2/2
   454 | D:1      | Found a faded altar of an unknown god.
   460 | D:1      | Reached XP level 3. HP: 23/23 MP: 3/3
  1063 | D:2      | Reached XP level 4. HP: 27/29 MP: 4/4
  1174 | D:2      | Noticed Terence
  1191 | D:2      | Killed Terence
  1192 | D:2      | Reached skill level 1 in Throwing
  1247 | D:2      | Found a shimmering blue altar of Sif Muna.
  1407 | D:2      | Noticed Natasha
  1412 | D:2      | Killed Natasha
  1413 | D:2      | Reached XP level 5. HP: 28/35 MP: 5/5
  1603 | D:2      | Noticed Natasha
  1610 | D:2      | Killed Natasha
  1757 | D:2      | Noticed Natasha
  1761 | D:2      | Killed Natasha
  1849 | D:3      | Found a snail-covered altar of Cheibriados.
  1861 | D:3      | Found a glowing drain.
  1888 | Sewer    | Entered a sewer
  2024 | Sewer    | Reached XP level 6. HP: 41/41 MP: 6/6
  2102 | Sewer    | Reached skill level 1 in Evocations
  2484 | D:3      | HP: 2/41 [orc priest/divine providence (10)]
  2489 | D:3      | Killed from afar by an orc priest

Illustrated notes

Levels and vault maps discovered:
D:1:      dpeg_arrival_tiny_b, layout_basic, basic_ecumenical_altar, st_stairs_4
D:2:      layout_basic, basic_altar, uniq_terence, uniq_natasha
D:3:      layout_basic, mainiacjoe_overflow_brackets,
          mainiacjoe_overflow_concentric_impassable,
          cheibrodos_sewer_entry_sluice

Skill      XL: |  1  2  3  4  5  6 |
---------------+-------------------+-----
Fighting       | 2 |  2.9
Throwing       | 1 2 |  2.0
Shapeshifting  | 4 |  4.7
Unarmed Combat | 4 |  4.1
Evocations     | 1 |  1.0
Dodging        | |  2.0
Spellcasting   | |  0.7

Action                     |  1- 3 |  4- 6 || total
---------------------------+-------+-------++-------
  Melee: Unarmed           |    69 |    91 ||   160
         Constrict         |    22 |    21 ||    43
         Punch             |     1 |     3 ||     4
         Tentacles         |    11 |    21 ||    32
   Stab: Sleeping          |     8 |     3 ||    11
         Distracted        |       |     1 ||     1
 Armour: Skin              |    21 |    29 ||    50
  Dodge: Dodged            |    36 |    50 ||    86
  Block: Other             |       |    22 ||    22
         Reflection        |       |     3 ||     3

Table legend: (Time is in decaauts)
 A = Elapsed time spent in this place.
 B = Non-inter-level travel time spent in this place.
 C = Inter-level travel time spent in this place.
 D = Time resting spent in this place.
 E = Time spent auto-exploring this place.
 F = Levels seen in this place.
 G = Mean time per level.
                   A        B        C        D        E       F      G
               +--------+--------+--------+--------+--------+-----+--------+
         Total |   2475 |   2303 |    172 |      0 |   1754 |   4 |  618.8 |
       Dungeon |   1981 |   1809 |    172 |      0 |   1423 |   3 |  660.3 |
         Sewer |    493 |    493 |      0 |      0 |    331 |   1 |  493.0 |
               +--------+--------+--------+--------+--------+-----+--------+

Top non-repeatable levels by time:
     D:1: 934 daAuts
     D:2: 836 daAuts
   Sewer: 493 daAuts
     D:3: 210 daAuts
